AoeStats
← Chasqui

Arena

509989956Analyzed
1v1 RM · 4d ago on Sep 28, 2026· 48m 32s· 2 players
Game mode
Random Map
Map size
Tiny (2 player)
Population
200
Speed
Normal
Resources
Standard
Victory
Conquest
Starting age
Dark Age
Ending age
Imperial Age
RankedLock teamsTeams togetherTeam positionsShared explorationLock speedFull tech treeHidden civsTurbo modeCheats
Victory
Defeat
🇨🇴 Chinese · Colombia
528
+15
🇦🇷 Britons · Argentina
504
-15
Chasqui
10:58 Feudal Age
11:48 Double-Bit Axe
11:46 Horse Collar
12:50 Wheelbarrow
14:14 Gold Mining
16:19 Town Watch
18:34 Loom
20:54 Castle Age
20:42 Stone Mining
22:14 Hand Cart
22:41 Gold Shaft Mining
22:19 Bow Saw
22:12 Heavy Plow
22:04 Crossbowman
22:07 Pikeman
25:08 Fletching
25:19 Scale Mail Armor
25:31 Forging
28:27 Town Patrol
30:26 Husbandry
34:17 Imperial Age
32:51 Padded Archer Armor
33:08 Chain Mail Armor
33:45 Elite Skirmisher
34:19 Cavalier
37:15 Halberdier
37:29 Halberdier
37:37 Capped Ram
38:22 Bodkin Arrow
38:43 Leather Archer Armor
39:56 Two-Man Saw
42:37 Warwolf
46:44 Warwolf
duvanmoreno35
12:33 Feudal Age
15:00 Double-Bit Axe
17:20 Wheelbarrow
21:58 Castle Age
24:49 Hand Cart
24:22 Town Watch
24:21 Horse Collar
24:47 Husbandry
31:16 Fortified Wall
31:09 Padded Archer Armor
31:22 Forging
32:30 Heavy Plow
36:47 Imperial Age
35:03 Murder Holes
37:24 Masonry
37:23 Scale Barding Armor
38:47 Chemistry
37:49 Scale Mail Armor
38:07 Leather Archer Armor
38:17 Bow Saw
38:00 Pikeman
38:43 Squires
38:06 Man-at-Arms
39:45 Architecture
39:39 Chain Barding Armor
39:11 Fletching
41:15 Plate Barding Armor
41:16 Iron Casting
40:53 Bodkin Arrow
42:33 Ring Archer Armor
42:21 Chain Mail Armor
42:07 Bracer
43:17 Heated Shot
43:50 Long Swordsman
45:24 Plate Mail Armor
45:57 Blast Furnace
45:39 Halberdier
45:43 Two-Handed Swordsman
48:05 Elite Chu Ko Nu
Connection lost

Rejoining the realm…

Still unreachable

The connection could not be restored.

Session expired

The server has moved on; the page needs a fresh start.